 Dungeon Crawl Stone Soup version 0.30-a0-3-gc9032a9cac (webtiles) character file.

Game seed: 15041523576473578445

172 BritishOli the Trooper (level 5, -3/42 HPs)
             Began as a Demonspawn Fighter on Aug 20, 2022.
             Slain by a kobold brigand
             ... wielding a +0 whip
              (8 damage)
             ... in a sewer.
             The game lasted 00:02:55 (3046 turns).

BritishOli the Trooper (Demonspawn Fighter)         Turns: 3046, Time: 00:02:56

Health: -3/42      AC:  8    Str: 19    XL:     5   Next: 27%
Magic:  5/5        EV:  9    Int:  9    God:
Gold:   49         SH:  4    Dex: 12    Spells: 4/4 levels left

rFire   . . .      SeeInvis .    a - +0 long sword
rCold   . . .      Faith    .    c - +0 buckler
rNeg    . . .      Spirit   .    b - +0 scale mail
rPois   .          Reflect  .    (helmet restricted)
rElec   .          Harm     .    (no cloak)
rCorr   .          Rampage  .    (no gloves)
Will    .....                    g - +0 pair of boots
Stlth   ..........               (no amulet)
HPRegen 0.14/turn                (no ring)
MPRegen 0.09/turn                (no ring)

@: very slow
A: antennae 1
a: no special abilities


You were in a sewer.
You visited 1 branch of the dungeon, and saw 4 of its levels.
You also visited: Sewer.

You collected 49 gold pieces.

Inventory:

Hand Weapons
 a - a +0 long sword (weapon)
Armour
 b - a +0 scale mail (worn)
 c - a +0 buckler (worn)
 g - a +0 pair of boots (worn)
Scrolls
 e - 3 scrolls of identify {unknown}
 h - a scroll of magic mapping {unknown}
 j - a scroll of amnesia {unknown}
 k - a scroll of immolation
 m - a scroll of fear {unknown}
 p - a scroll of blinking {unknown}
Potions
 d - 2 potions of might
 f - a potion of heal wounds {unknown}
 i - a potion of attraction {unknown}
 l - a potion of degeneration {unknown}
 n - a potion of magic {unknown}
 o - 2 potions of resistance {unknown}
 q - a potion of lignification {unknown}


   Skills:
 + Level 3.9 Fighting
 + Level 2.9 Long Blades
 + Level 3.5 Armour
 + Level 3.5 Shields


You had 4 spell levels left.
You didn't know any spells.
Your spell library contained the following spells:

 Spells                   Type           Power      Damage    Failure   Level
 Apportation              Tloc           0%         N/A       83%         1
 Magic Dart               Conj           0%         1d3       83%         1
 Necrotise                Necr           0%         1d4       83%         1
 Summon Small Mammal      Summ           0%         N/A       83%         1
 Call Imp                 Summ           0%         N/A       93%         2
 Static Discharge         Conj/Air       0%         3-3/arc   93%         2
 Mephitic Cloud           Conj/Pois/Air  0%         N/A       99%         3
 Dispel Undead            Necr           0%         3d6       100%        4
 Sticky Flame             Conj/Fire      0%         2d3       100%        4
 Fireball                 Conj/Fire      0%         3d3       100%        5
 Starburst                Conj/Fire      0%         6d3       100%        6
 Ignition                 Fire           0%         3d3       100%        8


Dungeon Overview and Level Annotations

Branches:
Dungeon (4/15)              Sewer (1/1)
 Temple: D:4-7

Altars:
Ashenzari
Cheibriados
Kikubaaqudgha

Shops:
D:1 (**

Annotations:
D:2 1 runed translucent door, Crazy Yiuf
D:3 1 runed translucent door, thfrgi's ghost, amateur GrFi


Innate Abilities, Weirdness & Mutations

You have a pair of small antennae on your head.


Message History

The kobold brigand is moderately wounded.
The kobold brigand hits you with a +0 whip!
* * * LOW HITPOINT WARNING * * *
Your unstable footing causes you to fumble your attack.
The kobold brigand hits you but does no damage.
You closely miss the kobold brigand.
The kobold brigand is moderately wounded.
The kobold brigand splashes around in the water.
You block the kobold brigand's attack.
You hit the kobold brigand.
The kobold brigand is moderately wounded.
The kobold brigand splashes around in the water.
You closely miss the kobold brigand.
The kobold brigand is moderately wounded.
The kobold brigand closely misses you.
You closely miss the kobold brigand.
The kobold brigand is moderately wounded.
The kobold brigand closely misses you.
The kobold brigand splashes around in the water.
Your unstable footing causes you to fumble your attack.
The kobold brigand hits you with a +0 whip.
* * * LOW HITPOINT WARNING * * *
You hit the kobold brigand.
The kobold brigand is heavily wounded.
The kobold brigand splashes around in the water.
You slash the kobold brigand!
The kobold brigand is almost dead.
The kobold brigand hits you with a +0 whip.
* * * LOW HITPOINT WARNING * * *
The kobold brigand completely misses you.
You hit the kobold brigand.
The kobold brigand is almost dead.
You block the kobold brigand's attack.
You barely miss the kobold brigand.
The kobold brigand is almost dead.
The kobold brigand splashes around in the water.
You hit the kobold brigand.
The kobold brigand is almost dead.
The kobold brigand hits you with a +0 whip!
You die...

.....~..~#)#...
......~~~#~#.∩.
######~.~##~#.∩.
{#~~~~~~..##~#...
######~####~#.P#
#.~.~.~# #~#..~ #
#.~.~.~# #~##P#
~####.####..~~##
#~##PP
~~~~~~~@KK....#
##P
~#########.~.####
~...~.†.K.~..~~~~~
~~..~.)~.K.~.#####
........~..~~.#
~...P....~~...#
~~....~~..~.~~.#
....P~.~~~~~~~~#
~.#~#..P~...~.~~#


You could see a kobold brigand and a kobold.

Vanquished Creatures
  A kobold brigand (Sewer)
  5 adders
  2 worms
  2 dart slugs
  2 bats
  4 endoplasms
  6 goblins
  3 hobgoblins
  3 jackals (Sewer)
  7 kobolds
  5 ball pythons
  6 frilled lizards
  5 rats
51 creatures vanquished.

Vanquished Creatures (others)
  6 plants (Sewer)
6 creatures vanquished.

Grand Total: 57 creatures vanquished

Notes
Turn   | Place    | Note
-------+----------+-------------------------------------------
     0 | D:1      | BritishOli the Demonspawn Fighter began the quest for the
                  | Orb.
     0 | D:1      | Reached XP level 1. HP: 18/18 MP: 1/1
    87 | D:1      | Found Cogret's Assorted Antiques.
   207 | D:1      | Found Tiuh's General Store.
   221 | D:1      | Gained mutation: You have a pair of small antennae on your
                  | head. [demonic ancestry]
   221 | D:1      | Reached XP level 2. HP: 20/24 MP: 2/2
   275 | D:1      | Found Goafut's Antique Weapon Shoppe.
  1000 | D:2      | Found a faded altar of an unknown god.
  1100 | D:2      | Reached XP level 3. HP: 21/29 MP: 3/3
  1765 | D:2      | Found a runed translucent door.
  1766 | D:2      | Noticed Crazy Yiuf
  2487 | D:3      | Found a runed translucent door.
  2493 | D:3      | Noticed thfrgi's ghost (amateur GrFi)
  2504 | D:3      | Reached XP level 4. HP: 35/35 MP: 4/4
  2645 | D:4      | Found a broken altar of Ashenzari.
  2668 | D:4      | Found a snail-covered altar of Cheibriados.
  2693 | D:4      | Found an ancient bone altar of Kikubaaqudgha.
  2785 | D:4      | Found a glowing drain.
  2798 | Sewer    | Entered a sewer
  2864 | Sewer    | Noticed a kobold brigand
  2877 | Sewer    | Killed a kobold brigand
  2878 | Sewer    | Reached XP level 5. HP: 34/42 MP: 5/5
  3046 | Sewer    | Slain by a kobold brigand

Illustrated notes

Levels and vault maps discovered:
D:1:      enne_arrival_octagon_isle, layout_basic, serial_shops,
          nicolae_shop_stone, shop_statue, shop
D:2:      layout_basic, hellmonk_ecumenical_altar_zigzags, st_stairs_4,
          uniq_crazy_yiuf_cottage
D:3:      layout_rooms, ebering_ghost_inner_flame
D:4:      layout_basic, lemuel_round_altar, ashenzari_conservatory_becter,
          lemuel_crystal_altar, gammafunk_ghost_split, portal_sewer_entry_d
Sewer:    sewer_co_scattered_pipes

Skill      XL: |  1  2 |
---------------+-------+-----
Long Blades    | 2 |  2.9
Armour         | 3 |  3.5
Shields        | 3 |  3.5
Fighting       | |  3.9

Action                   |  1- 3 |  4- 6 || total
-------------------------+-------+-------++-------
Melee: Long sword        |   110 |    74 ||   184
Armor: Scale mail        |    67 |    47 ||   114
Dodge: Dodged            |    41 |    54 ||    95
Block: Buckler           |    22 |    19 ||    41

Table legend: (Time is in decaauts)
 A = Elapsed time spent in this place.
 B = Non-inter-level travel time spent in this place.
 C = Inter-level travel time spent in this place.
 D = Time resting spent in this place.
 E = Time spent auto-exploring this place.
 F = Levels seen in this place.
 G = Mean time per level.
                   A        B        C        D        E       F      G
               +--------+--------+--------+--------+--------+-----+--------+
         Total |   3120 |   3022 |     98 |     86 |   2494 |   5 |  624.0 |
       Dungeon |   2844 |   2746 |     98 |      0 |   2400 |   4 |  711.0 |
         Sewer |    276 |    276 |      0 |     86 |     94 |   1 |  276.0 |
               +--------+--------+--------+--------+--------+-----+--------+

Top non-repeatable levels by time:
     D:2: 1372 daAuts
     D:1: 841 daAuts
     D:3: 470 daAuts
   Sewer: 276 daAuts
     D:4: 159 daAuts
